 Dungeon Crawl Stone Soup version 0.27.1-34-g3ba077fa99 (webtiles) character file.

Game seed: 1620631033960483089

8082 BabyfaceFinlayson the Protected (level 11, -3/95 HPs)
             Began as a Minotaur Berserker on Feb 18, 2022.
             Was a High Priest of Trog.
             Slain by a white ugly thing (16 damage)
             ... on level 7 of the Dungeon.
             The game lasted 00:16:59 (7649 turns).

BabyfaceFinlayson the Protected (MiBe)              Turns: 7649, Time: 00:16:59

Health: -3/95      AC: 18    Str: 25    XL:     11   Next: 5%
Magic:  10/10      EV:  9    Int:  4    God:    Trog [*****.]
Gold:   334        SH:  5    Dex: 16    Spells: 10/10 levels left

rFire    x . .     SeeInvis .   p - +4 whip (freeze)
rCold    + . .     Faith    .   (no shield)
rNeg     . . .     Spirit   .   e - +2 plate armour {rPois}
rPois    +         Reflect  +   A - +1 hat
rElec    .         Harm     .   (no cloak)
rCorr    .         Rampage  .   (no gloves)
Will     .....                  (no boots)
Stlth    ..........             c - amulet of reflection
HPRegen  0.25/turn              u - ring of ice
MPRegen  0.12/turn              m - +6 ring of dexterity

@: on berserk cooldown, slowed, studying Staves, very slow
A: horns 2, retaliatory headbutt
a: Renounce Religion, Berserk, Trog's Hand, Brothers in Arms


You were on level 7 of the Dungeon.
You worshipped Trog.
Trog was extremely pleased with you.
You visited 1 branch of the dungeon, and saw 7 of its levels.

You collected 334 gold pieces.

Inventory:

Hand Weapons
 a - a +1 hand axe
 p - a +4 whip of freezing (weapon)
Missiles
 w - 3 throwing nets (quivered)
Armour
 e - a +2 plate armour of poison resistance (worn)
 A - a +1 hat (worn)
Jewellery
 c - an amulet of reflection (around neck)
 d - an amulet of the acrobat
 m - a +6 ring of dexterity (right hand)
 r - an amulet of guardian spirit
 u - a ring of ice (left hand)
Wands
 l - a wand of flame (22)
 o - a wand of digging (8)
 y - a wand of mindburst (16)
Scrolls
 b - 2 scrolls of identify
 k - 2 scrolls of teleportation
Potions
 f - a potion of berserk rage
 g - 3 potions of lignification
 h - 3 potions of curing
 i - 2 potions of might
 j - a potion of mutation {unknown}
 n - a potion of invisibility {unknown}
 q - a potion of brilliance {unknown}
 s - 2 potions of degeneration {unknown}
 t - 2 potions of heal wounds
 v - 2 potions of haste
 x - a potion of cancellation {unknown}
 z - a potion of flight {unknown}


   Skills:
 + Level 8.3 Fighting
 + Level 9.4(11.3) Axes
 + Level 10.3(11.7) Maces & Flails
 + Level 11.1 Armour
 + Level 3.8 Dodging
 + Level 0.2 Stealth
 + Level 6.7 Shields


You had 10 spell levels left.
You didn't know any spells.
Your spell library was empty.

Dungeon Overview and Level Annotations

Branches:
Dungeon (7/15)             Temple (0/1) D:4

Altars:
Ashenzari
Elyvilon
Trog
Yredelemnul
Zin


Innate Abilities, Weirdness & Mutations

You have a pair of horns on your head.
You reflexively headbutt those who attack you in melee.


Message History

Aiming: Throw Flame
Press: ? - help, Shift-Dir - straight line, f - orc wizard
Aim: an orc wizard, wielding a +4 dagger of venom and wearing a +2 robe of positive energy (60% to hit)
The puff of flame hits the orc wizard.
The orc wizard is moderately wounded.
The gnoll shaman shouts!
The orc wizard gestures at you while chanting.
The magic dart hits you. The orc wizard barely misses you.
The orc warrior hits you from afar with a +1 vampiric halberd.
* * * LOW HITPOINT WARNING * * *
Items here: )) ††.
A red film seems to cover your vision as you go berserk!
You feel yourself moving faster!
You feel mighty!
The orc wizard hits you with a +4 dagger of venom.
* * * LOW HITPOINT WARNING * * *
You are poisoned.
The orc warrior barely misses you.
You barely miss the orc wizard. You headbutt the orc wizard.
The orc wizard is heavily wounded.
You feel sick. The orc wizard barely misses you. You furiously retaliate!
You headbutt the orc wizard!!
You kill the orc wizard!
Trog accepts your kill.
Trog appreciates your killing of a magic user.
You feel sick.
You feel a strong urge to attack something.
You feel sick.
You feel your anger nearly subside.
You are no longer berserk.
You are exhausted.
You feel yourself slow down.
You feel sick.
You see here an iguana corpse.
You feel sick.
You feel sick.
You are no longer poisoned.
The white ugly thing trunk-slaps you but does no damage.
The white ugly thing trunk-slaps you!
* * * LOW HITPOINT WARNING * * *
The white ugly thing freezes you! You resist.
You die...

......#..[###......##.......##...
#.....#..###.################..#.
......#..# ##..))...##(#.#.#..##.
.>....#..###########.#.#.#.#.###.
.....##..##.........#...#.......#
.....##..#.###########†#.#.#....(
.........##........###.#.#.#.)###
.>...#...##########.#########)÷##
.....#....##...u@..###. ##..#
.>......#..##.g######. ##..
#....#####..###.# #. ###
#...........# #g# .# ## #.
#....####...###o###o#...#. #.#
#....####.#.#....)go...... #.
..........#.###.###....})} #.#
.....######.# #.# .##}[}} #.
.....# ##..########. ### ###


You could see a white ugly thing and a gnoll shaman.

Vanquished Creatures
  Harold (D:7)
  A boulder beetle (D:7)
  A two-headed ogre (D:7)
  Pikel (D:4)
  A gargoyle (D:7)
  Maggie (D:7)
  Prince Ribbit (D:6)
  Sigmund (D:3)
  A wyvern (D:7)
  Eustachio (D:4)
  A vampire mosquito (D:7)
  Menkaure (D:6)
  5 water moccasins
  Purgy (D:4)
  4 black bears
  An orc warrior (D:7)
  2 ice beasts (D:7)
  3 ogres
  2 necrophages
  4 centaurs
  2 lemures (D:4)
  A phantom (D:7)
  2 bullfrogs (D:7)
  A scorpion (D:4)
  A water moccasin zombie (D:6)
  4 wights
  4 killer bees (D:7)
  A howler monkey (D:7)
  2 centaur zombies (D:6)
  A bullfrog zombie (D:5)
  4 orc priests
  A centaur skeleton (D:6)
  A gnoll shaman (D:7)
  5 hounds
  8 iguanas
  3 bullfrog skeletons
  Natasha (thrice) (D:3)
  An orc wizard (D:7)
  A killer bee zombie (D:6)
  2 hound skeletons
  12 gnolls
  A howler monkey skeleton (D:7)
  11 adders
  A shadow imp (D:6)
  An ufetubus (D:4)
  An adder skeleton (D:2)
  2 worms (D:2)
  A dart slug (D:3)
  16 orcs
  8 ball pythons
  8 bats
  4 endoplasms
  4 giant cockroaches
  7 goblins
  7 hobgoblins
  A jackal (D:4)
  3 kobolds
  4 frilled lizards
  2 rats
176 creatures vanquished.

Notes
Turn   | Place    | Note
-------+----------+-------------------------------------------
     0 | D:1      | BabyfaceFinlayson the Minotaur Berserker began the quest
                  | for the Orb.
     0 | D:1      | Reached XP level 1. HP: 19/19 MP: 0/0
   756 | D:2      | Reached XP level 2. HP: 27/27 MP: 1/1
   789 | D:2      | Found a broken altar of Ashenzari.
   993 | D:2      | Reached XP level 3. HP: 25/33 MP: 2/2
  1225 | D:2      | Reached ** piety under Trog
  1552 | D:3      | Noticed Natasha
  1560 | D:3      | Killed Natasha
  1561 | D:3      | Reached skill level 3 in Armour
  1561 | D:3      | Reached skill level 1 in Shields
  1561 | D:3      | Reached XP level 4. HP: 41/41 MP: 3/3
  1658 | D:3      | Noticed Natasha
  1662 | D:3      | Reached skill level 5 in Axes
  1664 | D:3      | Killed Natasha
  1665 | D:3      | Reached XP level 5. HP: 15/47 MP: 4/4
  1693 | D:3      | Noticed Natasha
  1717 | D:3      | Killed Natasha
  2286 | D:3      | Noticed Sigmund
  2298 | D:3      | Killed Sigmund
  2299 | D:3      | Reached skill level 4 in Armour
  2299 | D:3      | Reached XP level 6. HP: 52/53 MP: 5/5
  2335 | D:3      | Found a faded altar of an unknown god.
  2667 | D:3      | Found a glowing silver altar of Zin.
  2831 | D:4      | Noticed Eustachio
  2850 | D:4      | Killed Eustachio
  2851 | D:4      | Reached skill level 5 in Fighting
  2851 | D:4      | Reached skill level 5 in Armour
  2851 | D:4      | Reached XP level 7. HP: 61/61 MP: 6/6
  2945 | D:4      | Found a bloodstained altar of Trog.
  2945 | D:4      | Found a white marble altar of Elyvilon.
  2977 | D:4      | Reached *** piety under Trog
  3117 | D:4      | Noticed Pikel
  3155 | D:4      | Killed Pikel
  3156 | D:4      | Reached XP level 8. HP: 49/70 MP: 7/7
  3862 | D:4      | Noticed Purgy
  3877 | D:4      | Killed Purgy
  3878 | D:4      | Reached skill level 1 in Maces & Flails
  3878 | D:4      | Reached skill level 6 in Armour
  4056 | D:4      | Found a staircase to the Ecumenical Temple.
  4361 | D:5      | Entered Level 5 of the Dungeon
  4709 | D:5      | Reached skill level 5 in Shields
  4722 | D:5      | Reached skill level 7 in Armour
  4722 | D:5      | Reached XP level 9. HP: 78/78 MP: 8/8
  4743 | D:5      | Reached **** piety under Trog
  5213 | D:6      | Reached skill level 5 in Maces & Flails
  5374 | D:6      | Found a basalt altar of Yredelemnul.
  5393 | D:6      | Reached skill level 8 in Armour
  5671 | D:6      | Noticed Menkaure
  5682 | D:6      | Killed Menkaure
  6030 | D:6      | Noticed Prince Ribbit
  6042 | D:6      | Killed Prince Ribbit
  6561 | D:7      | Noticed Harold
  6578 | D:7      | Killed Harold
  6579 | D:7      | Reached skill level 9 in Armour
  6579 | D:7      | Reached XP level 10. HP: 86/86 MP: 9/9
  7173 | D:7      | Noticed a gargoyle
  7184 | D:7      | Killed a gargoyle
  7185 | D:7      | Reached skill level 10 in Armour
  7489 | D:7      | Noticed Maggie
  7505 | D:7      | Killed Maggie
  7589 | D:7      | Noticed a boulder beetle
  7609 | D:7      | Killed a boulder beetle
  7610 | D:7      | Reached skill level 10 in Maces & Flails
  7624 | D:7      | Noticed a two-headed ogre
  7632 | D:7      | Reached skill level 11 in Armour
  7632 | D:7      | Noticed a white ugly thing
  7637 | D:7      | Killed a two-headed ogre
  7637 | D:7      | Reached ***** piety under Trog
  7638 | D:7      | Reached XP level 11. HP: 35/95 MP: 10/10
  7649 | D:7      | Slain by a white ugly thing

Illustrated notes

Levels and vault maps discovered:
D:1:      wheals_arrival_shading, layout_basic
D:2:      layout_loops_ring, basic_altar
D:3:      layout_loops_cross, zin_statuary,
          shapermc_ecumenical_altar_totnotflames, uniq_natasha, uniq_sigmund
D:4:      minmay_recursive_quarters, layout_cave_pods,
          mainiacjoe_overflow_divided_tiny,
          minmay_temple_entry_drinking_statues, uniq_purgy, uniq_eustachio,
          uniq_pikel
D:5:      layout_cave_pools
D:6:      layout_layer_cave, lemuel_round_altar, uniq_prince_ribbit1,
          uniq_menkaure
D:7:      minmay_the_grid_octo_tiled_octocenter
          [minmay_the_grid_octo_concentric, minmay_the_grid_octo_horde,
          minmay_the_grid_octo_pinwheel, minmay_the_grid_octo_toaster,
          minmay_the_grid_octo_prize_ultimate_mussel_roller,
          minmay_the_grid_square_5x5_eight, minmay_the_grid_square_5x5_c,
          minmay_the_grid_square_5x5_comb, minmay_the_grid_square_5x5_plus],
          layout_basic, uniq_maggie, uniq_crazy_yiuf_cottage, uniq_harold

Skill      XL: |  1  2  3  4  5  6  7  8  9 10 |
---------------+-------------------------------+-----
Fighting       | 4 5 6 7 8 |  8.3
Axes           | 4 5 6 7 8 9 |  9.4
Armour         | 3 4 5 7 9 11 | 11.1
Shields        | 1 2 3 4 5 6 |  6.7
Dodging        | 3 |  3.8
Maces & Flails | 3 7 10 | 10.3
Stealth        | |  0.2

Action                   |  1- 3 |  4- 6 |  7- 9 | 10-12 || total
-------------------------+-------+-------+-------+-------++-------
Melee: Hand axe          |    82 |   112 |    49 |       ||   243
       Headbutt          |    10 |    15 |    68 |    48 ||   141
       Whip              |       |       |   210 |   137 ||   347
Invok: Berserk           |       |     1 |     4 |     1 ||     6
Evoke: Wand              |       |       |       |     1 ||     1
  Use: Scroll            |     4 |     1 |     6 |       ||    11
       Potion            |       |     2 |       |       ||     2
Armor: Plate armour      |    67 |    48 |   154 |    50 ||   319
       Skin              |       |     4 |       |       ||     4
Dodge: Dodged            |    35 |    33 |   105 |    41 ||   214
Block: Other             |    16 |    16 |    60 |    21 ||   113
       Reflection        |       |     1 |       |     2 ||     3
